AoeStats
← BeeSneezes

Black Forest

506986942Analyzed
2v2 RM · 15d ago on Sep 16, 2026· 52m 16s· 4 players
Game mode
Random Map
Map size
Medium (4 player)
Population
200
Speed
Normal
Resources
Standard
Victory
Conquest
Starting age
Dark Age
Ending age
Imperial Age
RankedLock teamsTeams togetherTeam positionsShared explorationLock speedFull tech treeHidden civsTurbo modeCheats
Victory
Defeat
🇨🇦 Maya · Canada
701
+4
🇦🇷 Khmer · Argentina
656
+5
🇺🇸 Hindustanis · United States
403
-6
🇺🇸 Aztecs · United States
301
-3
H1
13:27 Feudal Age
13:55 Double-Bit Axe
14:06 Loom
17:39 Horse Collar
18:58 Wheelbarrow
18:24 Gold Mining
21:26 Castle Age
21:20 Stone Mining
22:46 Bow Saw
24:07 Caravan
25:42 Gold Shaft Mining
25:58 Hand Cart
27:02 Heavy Plow
28:24 Stone Shaft Mining
33:07 Coinage
33:04 Padded Archer Armor
32:55 Fletching
33:15 Forging
33:06 Scale Mail Armor
34:23 Fortified Wall
34:24 Masonry
34:35 Ballistics
38:41 Imperial Age
37:07 Town Watch
38:03 Leather Archer Armor
37:43 Bodkin Arrow
38:23 Iron Casting
37:13 Crossbowman
37:13 Elite Skirmisher
39:05 Murder Holes
39:02 Heated Shot
40:08 Banking
40:15 Conscription
41:46 Ring Archer Armor
41:17 Bracer
42:17 Blast Furnace
41:33 Chain Mail Armor
42:09 Crop Rotation
42:43 Chemistry
42:15 Architecture
42:29 Elite Ballista Elephant
43:11 Tusk Swords
43:12 Double Crossbow
44:03 Town Patrol
44:39 Siege Engineers
45:42 Hoardings
46:40 Scale Barding Armor
47:33 Elite Battle Elephant
TrezÉtranj
2:11 Loom
11:55 Feudal Age
12:45 Double-Bit Axe
17:42 Horse Collar
18:08 Town Watch
19:31 Fletching
22:29 Castle Age
20:59 Scale Mail Armor
21:42 Stone Mining
21:44 Gold Mining
23:59 Caravan
24:18 Bodkin Arrow
28:36 Town Patrol
29:05 Town Patrol
30:14 Wheelbarrow
30:30 Bow Saw
32:51 Masonry
35:27 Imperial Age
35:32 Chain Mail Armor
35:28 Forging
36:33 Conscription
37:45 Two-Man Saw
36:45 Capped Ram
38:00 Treadmill Crane
39:22 Chemistry
38:28 Bracer
40:07 Ballistics
39:45 Murder Holes
47:02 Iron Casting
46:57 Plate Mail Armor
47:44 Holcans
48:23 Architecture
50:53 Hand Cart
51:44 Blast Furnace
50:17 Pikeman
50:18 Eagle Warrior
12ozPapa
1:18 Loom
19:06 Feudal Age
19:40 Double-Bit Axe
19:40 Horse Collar
19:53 Gold Mining
20:42 Stone Mining
21:30 Town Watch
23:10 Wheelbarrow
25:15 Fletching
25:54 Scale Mail Armor
27:59 Forging
28:16 Scale Barding Armor
29:00 Bloodlines
32:24 Arson
36:28 Castle Age
40:11 Heavy Plow
40:24 Bow Saw
40:55 Gold Shaft Mining
40:55 Stone Shaft Mining
40:24 Town Patrol
40:40 Hand Cart
40:51 Grand Trunk Road
41:34 Bodkin Arrow
42:14 Iron Casting
41:55 Chain Mail Armor
42:00 Chain Barding Armor
41:42 Caravan
42:13 Coinage
41:58 Husbandry
41:20 Light Cavalry
42:03 Squires
41:24 Pikeman
41:30 Elite Skirmisher
BeeSneezes
1:11 Loom
15:10 Feudal Age
16:45 Wheelbarrow
16:02 Double-Bit Axe
17:02 Town Watch
17:16 Horse Collar
23:50 Gold Mining
23:54 Stone Mining
27:36 Castle Age
28:45 Hand Cart
28:34 Heavy Plow
28:49 Bow Saw
29:37 Town Patrol
29:54 Squires
31:35 Stone Shaft Mining
31:39 Gold Shaft Mining
33:19 Forging
33:10 Scale Mail Armor
33:11 Padded Archer Armor
33:03 Fletching
33:25 Caravan
33:18 Elite Skirmisher
36:37 Fortified Wall
36:50 Ballistics
36:26 Murder Holes
36:14 Treadmill Crane
40:42 Imperial Age
39:18 Atlatl
38:49 Eagle Warrior
42:18 Conscription
41:54 Elite Eagle Warrior
43:37 Crop Rotation
45:01 Chemistry
Connection lost

Rejoining the realm…

Still unreachable

The connection could not be restored.

Session expired

The server has moved on; the page needs a fresh start.